Map: [ESL] Solaris

Players

Serral - Winner!

  • Race: Zerg Zerg
  • Spawn Location: 1:00

Reynor

  • Race: Zerg Zerg
  • Spawn Location: 7:00

Event: ESL SC2 Masters 2023 Winter (Regional)

VOD

Have the link to the VOD?

Description

Time

  • Played on: Nov. 18, 2023, 10:41 a.m.
  • Length: 8:48

All games in this series

Show
View Real Time Build Order
Export as new Build Order

Serral Zerg - Winner!

Build Orders: Hatch First 

Get SALT Encoding   

  12  0:00  Drone  
  13  0:07  Drone  
  14  0:14  Extractor, Drone  
  15  0:36  Hatchery  
  15  0:41  Extractor  
  15  0:42  Drone  
  15  0:47  Overlord  
  15  1:02  Spawning Pool  
  14  1:06  Drone  
  14  1:09  Drone  
  16  1:12  Drone  
  16  1:17  Drone  
  18  1:20  Extractor  
  17  1:27  Drone  
  18  1:38  Drone  
  19  1:48  Queen x2  
  19  1:49  Drone  
  19  1:51  Drone  
  25  1:58  Drone  
  25  2:00  Overlord  
  26  2:09  Drone  
  26  2:10  Drone  
  28  2:20  Drone  
  28  2:21  Drone, Metabolic Boost  
  30  2:26  Queen  
  32  2:32  Drone  
  32  2:33  Overlord  
  33  2:41  Drone  
  33  2:42  Drone  
  35  2:54  Drone, Overlord  
  35  2:56  Zergling x8  
  35  2:57  Zergling x4  
  42  3:05  Evolution Chamber  
  41  3:10  Zergling x4  
  43  3:19  Zergling x2  
  44  3:20  Roach Warren  
  43  3:27  Zergling x4  
  43  3:31  Zergling x8  
  49  3:35  Zergling x6  
  49  3:36  Zerg Missile Weapons Level 1  
  49  3:40  Overlord  
  52  3:54  Hatchery  
  51  3:57  Drone  
  52  4:03  Drone  
  52  4:04  Drone x5  
  52  4:06  Drone  
  52  4:07  Drone  
  52  4:08  Drone  
  59  4:11  Drone  
  59  4:16  Drone  
  60  4:18  Overlord  
  60  4:20  Extractor  
  59  4:24  Lair  
  59  4:27  Drone  
  59  4:29  Extractor  
  59  4:30  Drone  
  60  4:35  Overlord  
  60  4:40  Drone x4  
  63  4:47  Drone x3  
  66  4:53  Overlord  
  66  4:58  Drone  
  67  5:03  Drone x4  
  67  5:05  Overlord  
  71  5:13  Drone  
  72  5:15  Extractor  
  72  5:17  Roach x5  
  81  5:24  Overseer  
  79  5:29  Overlord  
  79  5:36  Zerg Ground Armor Level 1  
  79  5:40  Drone x4  
  79  5:42  Roach x3  
  89  5:43  Queen  
  89  5:46  Queen  
  89  5:47  Glial Reconstitution  
  89  5:49  Overlord  
  93  5:53  Roach x2  
  93  5:54  Roach  
  99  5:58  Queen  
  99  6:01  Overlord  
  101  6:06  Overlord  
  101  6:09  Drone x5  
  106  6:12  Spore Crawler  
  106  6:13  Drone  
  106  6:20  Spore Crawler  
  106  6:21  Drone  
  106  6:24  Drone x3  
  109  6:25  Spore Crawler  
  109  6:28  Pneumatized Carapace  
  109  6:29  Overseer  
  109  6:30  Overlord x2  
  109  6:31  Extractor  
  107  6:36  Roach x3  
  113  6:44  Overlord  
  113  6:51  Roach x7  
  125  6:57  Roach  
  125  6:58  Roach  
  127  7:01  Overlord  
  127  7:02  Overlord  
  127  7:04  Roach x2  
  127  7:07  Overlord  
  128  7:12  Roach x3  
  128  7:15  Overlord  
  134  7:20  Roach  
  134  7:21  Roach x2  
  140  7:23  Ravager x2  
  140  7:24  Ravager x4  
  140  7:28  Roach x2  
  150  7:36  Roach x5  
  160  7:43  Roach x3  
  166  7:50  Overlord x2  
  166  7:54  Roach x2  
  170  8:00  Overlord x2  
  170  8:01  Overlord  
  168  8:11  Roach x6  
  173  8:18  Roach x3  
  170  8:22  Roach x2  
Show
View Real Time Build Order
Export as new Build Order

Reynor Zerg 

Build Orders: Hatch First 

Get SALT Encoding   

  12  0:00  Drone  
  13  0:11  Overlord  
  13  0:16  Drone  
  14  0:30  Drone x2  
  16  0:46  Hatchery  
  15  0:51  Drone  
  15  0:54  Drone  
  17  0:57  Drone  
  18  1:07  Extractor  
  17  1:12  Spawning Pool  
  17  1:15  Drone  
  17  1:18  Drone  
  18  1:27  Drone  
  19  1:38  Drone  
  20  1:48  Drone  
  21  1:59  Queen x2, Overlord  
  21  2:00  Drone  
  26  2:09  Drone  
  26  2:10  Drone  
  28  2:20  Drone  
  28  2:21  Drone  
  30  2:31  Drone, Hatchery  
  30  2:32  Drone  
  31  2:38  Queen  
  33  2:45  Overlord, Evolution Chamber  
  33  2:48  Drone  
  33  2:51  Drone  
  33  2:53  Drone  
  35  3:02  Drone  
  35  3:04  Drone  
  37  3:06  Drone  
  37  3:08  Drone x3  
  37  3:10  Zerg Missile Weapons Level 1  
  37  3:11  Drone  
  42  3:14  Overlord  
  42  3:16  Drone  
  42  3:19  Drone  
  44  3:25  Roach Warren  
  44  3:27  Drone  
  44  3:31  Lair  
  44  3:33  Extractor  
  43  3:35  Drone  
  43  3:36  Drone  
  43  3:38  Drone  
  43  3:40  Drone  
  43  3:41  Drone  
  48  3:43  Drone  
  48  3:44  Drone  
  48  3:47  Overlord  
  50  3:53  Evolution Chamber  
  49  3:55  Extractor  
  49  3:57  Extractor  
  49  3:59  Drone x2  
  49  4:00  Overlord  
  49  4:03  Evolution Chamber  
  49  4:04  Evolution Chamber  
  49  4:06  Roach  
  49  4:09  Roach  
  50  4:13  Roach Warren  
  50  4:14  Roach  
  52  4:17  Drone x2  
  52  4:18  Drone  
  52  4:21  Overlord  
  52  4:24  Drone  
  56  4:25  Drone  
  57  4:33  Spire  
  57  4:35  Drone  
  57  4:44  Drone  
  56  4:48  Overseer  
  56  4:49  Drone  
  56  4:50  Overlord  
  57  4:53  Glial Reconstitution  
  57  4:54  Roach x3  
  57  4:57  Roach  
  65  5:00  Roach  
  67  5:11  Zerg Missile Weapons Level 2  
  67  5:17  Hatchery  
  66  5:24  Drone  
  66  5:28  Drone  
  68  5:36  Hatchery  
  68  5:40  Overlord  
  67  5:45  Mutalisk x4  
  67  5:48  Drone x5  
  67  5:49  Drone x3  
  83  5:59  Zerg Ground Armor Level 1  
  83  6:00  Drone x2  
  85  6:09  Overlord  
  85  6:10  Overlord  
  85  6:15  Drone x5  
  90  6:21  Drone  
  91  6:28  Overlord  
  91  6:39  Hatchery  
  92  6:40  Drone x3  
  92  6:42  Drone x4  
  95  6:56  Roach x2  
  95  6:57  Drone x3, Roach  
  101  7:03  Overlord  
  101  7:05  Extractor  
  101  7:07  Drone, Extractor  
  100  7:10  Mutalisk  
  100  7:15  Overlord  
  102  7:19  Hatchery  
  102  7:20  Drone x2  
  102  7:22  Roach x3  
  109  7:29  Roach x2  
  113  7:35  Overlord  
  113  7:36  Overlord  
  113  7:39  Roach x5  
  113  7:42  Ravager x4  
  113  7:43  Overlord x2  
  113  7:44  Spine Crawler x2  
  125  7:45  Overlord, Spine Crawler  
  124  7:54  Ravager  
  124  7:55  Ravager x2, Spine Crawler x2  
  125  7:58  Roach x2  
  125  7:59  Roach x2  
  132  8:08  Roach x2  
  132  8:09  Roach x2  
  129  8:16  Roach  
  129  8:17  Roach x4  
  121  8:20  Roach  
  123  8:28  Roach  
  123  8:29  Overlord x2  
Tags
 
Add a new tag
Caveats
  • Supply blocks, unpowered buildings, or Contaminate may cause inaccurate times.
  • Supply counts are checked every 10 seconds.